Penguins vs Flyers

Created - 4 janvier 2017 at 19:04

Goals
1 2 3 T
Penguins 2 2 0 4
Flyers 3 0 0 3
Shots
1 2 3 T
Penguins 9 18 10 37
Flyers 8 9 8 25

1st period

1. Penguins , Steven Stamkos 17 (Max Pacioretty) at 10:13 (PP)
2. Flyers , Alexei Morozov 16 (Jonathan Ericsson, Jeff Carter) at 10:23
3. Flyers , Alexei Morozov 17 (Dany Heatley, Jeff Carter) at 10:56
4. Flyers , Jeff Carter 15 (Jeff Woywitka) at 14:18
5. Penguins , Max Pacioretty 8 (Steven Stamkos) at 17:40

Penalties :
John-Michael Liles (Phi) for Hooking (Minor) at 1:40, Jonathan Ericsson (Phi) for Tripping (Minor) at 10:04

2nd period

6. Penguins , Nathan Horton 9 (Sam Gagner, Sean Zimmerman) at 14:15 (PP)
7. Penguins , Bobby Ryan 15 (Steven Stamkos) at 17:45

Penalties :
Matt Smaby (Phi) for Roughing (Minor) at 1:23, Alexei Morozov (Phi) for Interference (Minor) at 8:07, Nathan Paetsch (Phi) for Hooking (Minor) at 13:40

3rd period

No Goal

Penalties :
John-Michael Liles (Phi) for Hooking (Minor) at 19:48

Goalie Stats

Brian Elliott (Pit), 22 saves from 25 shots - (0,880), W, 17-4-1, 60:00 minutes
Viktor Fasth (Phi), 33 saves from 37 shots - (0,892), L, 6-3-0, 59:38 minutes

Players Stats for Penguins

Player Name              G  A  P  +/- PIM S  H  SB GA TA FO     MP     PP MP  PK MP  
------------------------------------------------------------------------------------
Bobby Ryan               1  0  1   0  0   9  1  0  0  1  0/2    22:11   3:57   0:00 
Brayden Schenn           0  0  0   0  0   1  1  0  0  0  1/3     8:50   0:00   0:00 
Brian McGrattan          0  0  0   0  0   1  0  0  0  0  0/0    11:26   0:00   0:00 
Derek Joslin             0  0  0  -1  0   2  1  0  0  1  0/0    13:09   0:00   0:00 
Dion Phaneuf             0  0  0   0  0   1  1  0  0  3  0/0    26:23   4:35   0:00 
Duncan Keith             0  0  0   0  0   2  0  1  0  1  0/0    20:28   2:17   0:00 
Dustin Penner            0  0  0  -1  0   2  0  0  0  1  0/0    17:33   2:55   0:00 
Josef Vasicek            0  0  0   0  0   2  2  1  1  0  2/9    11:26   0:00   0:00 
Luke Schenn              0  0  0   0  0   0  1  2  0  0  0/0    20:28   2:17   0:00 
Max Pacioretty           1  1  2   0  0   1  2  1  0  1  2/3    22:11   3:57   0:00 
Nathan Horton            1  0  1  -1  0   4  1  0  2  0  0/0    18:28   2:55   0:00 
Nikita Alexeev           0  0  0   0  0   1  0  0  0  0  0/0     7:55   0:00   0:00 
Paul Ranger              0  0  0  -1  0   1  0  1  0  0  0/0    13:09   0:00   0:00 
Sam Gagner               0  1  1  -1  0   3  2  1  0  0  10/16  17:33   2:55   0:00 
Sean Zimmerman           0  1  1   0  0   1  1  2  1  0  0/0    26:23   4:35   0:00 
Simon Gagné              0  0  0   0  0   1  1  3  0  0  1/1    12:21   0:00   0:00 
Steve Sullivan           0  0  0   0  0   1  0  0  0  1  0/0     7:55   0:00   0:00 
Steven Stamkos           1  2  3   0  0   4  1  0  0  0  12/32  22:11   3:57   0:00 

Players Stats for Flyers

Player Name              G  A  P  +/- PIM S  H  SB GA TA FO     MP     PP MP  PK MP  
------------------------------------------------------------------------------------
Alexei Morozov           2  0  2   1  2   4  2  0  1  0  0/0    18:02   0:00   0:00 
Brock Nelson             0  0  0   0  0   1  1  0  0  0  0/0     9:25   0:00   0:00 
Chris Kreider            0  0  0   0  0   8  4  0  0  0  0/0    18:20   0:00   0:46 
Dany Heatley             0  1  1   1  0   1  2  1  2  0  0/1    18:02   0:00   0:00 
Jeff Carter              1  2  3   1  0   1  0  0  0  0  13/21  18:48   0:00   0:46 
Jeff O'Neill             0  0  0   0  0   0  0  1  1  0  2/3     9:53   0:00   1:54 
Jeff Woywitka            0  1  1   1  0   0  0  0  1  0  0/0    27:36   0:00   4:44 
John-Michael Liles       0  0  0   0  4   1  0  2  0  1  0/0    22:27   0:00   1:36 
Jonathan Ericsson        0  1  1   1  2   2  0  2  0  2  0/0    27:13   0:00   4:25 
Kyle Wellwood            0  0  0   0  0   0  3  0  3  1  14/28  17:34   0:00   0:00 
Loui Eriksson            0  0  0   0  0   1  1  1  0  0  0/0    17:34   0:00   0:00 
Mats Zuccarello          0  0  0   0  0   4  3  1  0  0  1/1    13:45   0:00   4:12 
Matt Smaby               0  0  0   0  2   0  1  5  0  0  0/0    21:44   0:00   0:23 
Matthew Lombardi         0  0  0   0  0   0  2  0  0  0  8/12   13:45   0:00   4:12 
Nathan Paetsch           0  0  0   0  2   2  1  1  0  0  0/0    11:38   0:00   2:36 
Rostislav Olesz          0  0  0   0  0   0  0  0  1  0  0/0     9:53   0:00   1:54 
Stefan Ruzicka           0  0  0   0  0   0  0  0  0  0  0/0     7:56   0:00   0:00 
Victor Bartley           0  0  0   0  0   0  1  0  0  0  0/0     9:26   0:00   0:00 

3 Stars

1 - Jeff Carter (Phi)
2 - Steven Stamkos (Pit)
3 - Alexei Morozov (Phi)

Power Play

Penguins - 2 on 7 Attempt(s) - 28,57%
Flyers - 0 on 0 Attempt(s) - 0,00%

Penalty Kill

Penguins - 0 on 0 Attempt(s) - 0,00% - Score 0 goal in Penalty Kill
Flyers - 5 on 7 Attempt(s) - 71,43% - Score 0 goal in Penalty Kill

Team Stat

Penguins - Hits : 15 - Faceoff Wins : 28 - Blocked Shots : 12 - Penalty Minutes : 0
Flyers - Hits : 21 - Faceoff Wins : 38 - Blocked Shots : 14 - Penalty Minutes : 12

Official

Referees : Leggo Mike and Meier Brad
Linesman : Michel Cormier and Bryan Pancich

Game Notes

14:44 of 3rd period - Penguins goal is going for a video replay. After video review, No Goal. The puck has been directed, batted or thrown into the net by an attacking player other than with a stick.
15:08 of 3rd period - Penalty Shot by Matt Smaby for Flyers - Shot Misses the Net

Finance

Level 1 -- Attendance: 6000 (100,00%) -- Ticket Income 510 000 $
Level 2 -- Attendance: 5000 (100,00%) -- Ticket Income 250 000 $
Level 3 -- Attendance: 2000 (100,00%) -- Ticket Income 60 000 $
Level 4 -- Attendance: 4000 (100,00%) -- Ticket Income 80 000 $
Luxury Box -- Attendance: 876 (87,60%) -- Ticket Income 144 540 $
Game was played at the Wells Fargo Center.
Total Attendance: 17876 (99,31%)
Total Ticket Income: 1 044 540 $
Other Income: 156 681 $
Total Income: 1 201 221 $

Penguins

5 vs 5 Forward 
   Center                   Left Wing                Right Wing               Time % Phy DF OF 
 1 Steven Stamkos           Max Pacioretty           Bobby Ryan               40     0   2  3  
 2 Sam Gagner               Dustin Penner            Nathan Horton            30     0   2  3  
 3 Josef Vasicek            Simon Gagné              Brian McGrattan          20     0   2  3  
 4 Brayden Schenn           Steve Sullivan           Nikita Alexeev           10     0   2  3  

5 vs 5 Defense 
   Defense                  Defense                                           Time % Phy DF OF 
 1 Sean Zimmerman           Dion Phaneuf                                      45     1   2  2  
 2 Luke Schenn              Duncan Keith                                      33     1   2  2  
 3 Paul Ranger              Derek Joslin                                      22     1   2  2  
 4 Luke Schenn              Dion Phaneuf                                      0      1   2  2  

PowerPlay Forward 
   Center                   Left Wing                Right Wing               Time % Phy DF OF 
 1 Steven Stamkos           Max Pacioretty           Bobby Ryan               60     0   1  4  
 2 Sam Gagner               Dustin Penner            Nathan Horton            40     0   1  4  

PowerPlay Defense
   Defense                  Defense                                           Time % Phy DF OF 
 1 Sean Zimmerman           Dion Phaneuf                                      60     0   2  3  
 2 Luke Schenn              Duncan Keith                                      40     0   2  3  

Penalty Kill 4 Players Forward 
   Center                   Wing                     Time % Phy DF OF 
 1 Brayden Schenn           Nathan Horton            60     0   4  1  
 2 Josef Vasicek            Bobby Ryan               40     0   4  1  

Penalty Kill 4 Players Defense
   Defense                  Defense                  Time % Phy DF OF 
 1 Sean Zimmerman           Dion Phaneuf             60     1   4  0  
 2 Luke Schenn              Duncan Keith             40     1   4  0  

Penalty Kill - 3 Players Forward 
   Forward                                           Time % Phy DF OF 
 1 Nathan Horton                                     60     0   4  1  
 2 Bobby Ryan                                        40     0   4  1  

Penalty Kill - 3 Players Defense
   Defense                  Defense                  Time % Phy DF OF 
 1 Sean Zimmerman           Dion Phaneuf             60     1   4  0  
 2 Luke Schenn              Duncan Keith             40     1   4  0  

4 vs 4 Forward 
   Center                   Wing                     Time % Phy DF OF 
 1 Steven Stamkos           Bobby Ryan               60     0   2  3  
 2 Sam Gagner               Nathan Horton            40     0   2  3  

4 vs 4 Defense
   Defense                  Defense                  Time % Phy DF OF 
 1 Sean Zimmerman           Dion Phaneuf             60     1   2  2  
 2 Luke Schenn              Duncan Keith             40     1   2  2  

Last Minutes Offensive
   Center                   Left Wing                Right Wing               Defense                  Defense                  
   Steven Stamkos           Max Pacioretty           Bobby Ryan               Sean Zimmerman           Dion Phaneuf             

Last Minutes Defensive
   Center                   Left Wing                Right Wing               Defense                  Defense                  
   Brayden Schenn           Simon Gagné              Nathan Horton            Sean Zimmerman           Dion Phaneuf             

Goaltenders
Starting : Brian Elliott            
Backup : Josh Tordjman            

Extra Forwards
Normal : Steven Stamkos, Sam Gagner, Josef Vasicek - PP : Steven Stamkos, Sam Gagner - PK : Nathan Horton
Extra Defensemen
Normal : Dion Phaneuf, Duncan Keith, Paul Ranger - PP : Derek Joslin - PK : Sean Zimmerman, Luke Schenn
Penalty Shots
Max Pacioretty, Bobby Ryan, Nathan Horton, Steven Stamkos, Simon Gagné

Flyers

5 vs 5 Forward 
   Center                   Left Wing                Right Wing               Time % Phy DF OF 
 1 Jeff Carter              Dany Heatley             Alexei Morozov           40     1   1  3  
 2 Kyle Wellwood            Chris Kreider            Loui Eriksson            40     1   1  3  
 3 Matthew Lombardi         Brock Nelson             Mats Zuccarello          15     0   3  2  
 4 Jeff O'Neill             Rostislav Olesz          Stefan Ruzicka           5      0   3  2  

5 vs 5 Defense 
   Defense                  Defense                                           Time % Phy DF OF 
 1 Jonathan Ericsson        Jeff Woywitka                                     40     0   3  2  
 2 Matt Smaby               John-Michael Liles                                40     0   3  2  
 3 Nathan Paetsch           Victor Bartley                                    15     0   5  0  
 4 Jonathan Ericsson        Jeff Woywitka                                     5      0   3  2  

PowerPlay Forward 
   Center                   Left Wing                Right Wing               Time % Phy DF OF 
 1 Jeff Carter              Dany Heatley             Alexei Morozov           50     0   0  5  
 2 Kyle Wellwood            Chris Kreider            Loui Eriksson            50     0   0  5  

PowerPlay Defense
   Defense                  Defense                                           Time % Phy DF OF 
 1 Jonathan Ericsson        Jeff Woywitka                                     60     0   2  3  
 2 Matt Smaby               John-Michael Liles                                40     0   3  2  

Penalty Kill 4 Players Forward 
   Center                   Wing                     Time % Phy DF OF 
 1 Matthew Lombardi         Mats Zuccarello          60     0   5  0  
 2 Jeff O'Neill             Rostislav Olesz          40     0   5  0  

Penalty Kill 4 Players Defense
   Defense                  Defense                  Time % Phy DF OF 
 1 Jeff Woywitka            Jonathan Ericsson        60     0   5  0  
 2 John-Michael Liles       Nathan Paetsch           40     0   5  0  

Penalty Kill - 3 Players Forward 
   Forward                                           Time % Phy DF OF 
 1 Matthew Lombardi                                  60     0   5  0  
 2 Jeff O'Neill                                      40     0   5  0  

Penalty Kill - 3 Players Defense
   Defense                  Defense                  Time % Phy DF OF 
 1 Jonathan Ericsson        Jeff Woywitka            60     0   5  0  
 2 Nathan Paetsch           John-Michael Liles       40     0   5  0  

4 vs 4 Forward 
   Center                   Wing                     Time % Phy DF OF 
 1 Jeff Carter              Alexei Morozov           60     1   1  3  
 2 Kyle Wellwood            Loui Eriksson            40     0   2  3  

4 vs 4 Defense
   Defense                  Defense                  Time % Phy DF OF 
 1 Jeff Woywitka            Jonathan Ericsson        60     0   3  2  
 2 Matt Smaby               John-Michael Liles       40     0   3  2  

Last Minutes Offensive
   Center                   Left Wing                Right Wing               Defense                  Defense                  
   Jeff Carter              Dany Heatley             Alexei Morozov           Matt Smaby               Jonathan Ericsson        

Last Minutes Defensive
   Center                   Left Wing                Right Wing               Defense                  Defense                  
   Matthew Lombardi         Dany Heatley             Loui Eriksson            Jeff Woywitka            Nathan Paetsch           

Goaltenders
Starting : Viktor Fasth             
Backup : Cory Schneider           

Extra Forwards
Normal : Jeff Carter, Kyle Wellwood, Alexei Morozov - PP : Jeff Carter, Kyle Wellwood - PK : Matthew Lombardi
Extra Defensemen
Normal : Jonathan Ericsson, Jeff Woywitka, Matt Smaby - PP : Matt Smaby - PK : Jeff Woywitka, Jonathan Ericsson
Penalty Shots
Loui Eriksson, Dany Heatley, Jeff Carter, Kyle Wellwood, Alexei Morozov

% Time on Ice - Penguins

Lines # - Real PCT - Wanted PCT - Time Play
Normal Forward
1 - 35% - 40% - 18:14
2 - 28% - 30% - 14:38
3 - 22% - 20% - 11:26
4 - 15% - 10% - 7:55
Normal Defense
1 - 42% - 45% - 21:45
2 - 35% - 33% - 18:11
3 - 24% - 22% - 12:17
4 - 0% - 0% - 0:00
PP Forward
1 - 58% - 60% - 3:57
2 - 42% - 40% - 2:55
PP Defense
1 - 67% - 60% - 4:35
2 - 33% - 40% - 2:17
PK Forward
1 - 0% - 60%
2 - 0% - 40%
PK Defense
1 - 0% - 60%
2 - 0% - 40%
PK3 Forward
1 - 0% - 60%
2 - 0% - 40%
PK3 Defense
1 - 0% - 60%
2 - 0% - 40%
44 Forward
1 - 0% - 60%
2 - 0% - 40%
44 Defense
1 - 0% - 60%
2 - 0% - 40%
Last Minute Offensive  - 0:00
Last Minute Defensive  - 0:55
Total
Forward - 60:00
Defense - 60:00

% Time on Ice - Flyers

Lines # - Real PCT - Wanted PCT - Time Play
Normal Forward
1 - 33% - 40% - 17:19
2 - 34% - 40% - 17:37
3 - 18% - 15% - 9:25
4 - 15% - 5% - 7:56
Normal Defense
1 - 42% - 40% - 21:45
2 - 39% - 40% - 20:23
3 - 18% - 15% - 9:26
4 - 1% - 5% - 0:43
PP Forward
1 - 0% - 50%
2 - 0% - 50%
PP Defense
1 - 0% - 60%
2 - 0% - 40%
PK Forward
1 - 72% - 60% - 4:58
2 - 28% - 40% - 1:54
PK Defense
1 - 62% - 60% - 4:16
2 - 38% - 40% - 2:36
PK3 Forward
1 - 0% - 60%
2 - 0% - 40%
PK3 Defense
1 - 0% - 60%
2 - 0% - 40%
44 Forward
1 - 0% - 60%
2 - 0% - 40%
44 Defense
1 - 0% - 60%
2 - 0% - 40%
Last Minute Offensive  - 0:51
Last Minute Defensive  - 0:00
Total
Forward - 60:00
Defense - 60:00

Play by Play

1st period


0:01 of 1st period - Jeff Carter wins face-off versus Steven Stamkos in neutral zone.
0:38 of 1st period - Wrist shot by Dustin Penner.
0:38 of 1st period - Shot Misses the Net.
0:50 of 1st period - Snap shot by Mats Zuccarello.
0:50 of 1st period - Shot Misses the Net.
0:52 of 1st period - Slapshot by Jonathan Ericsson.
0:52 of 1st period - Shot Blocked by Simon Gagné.
0:54 of 1st period - Slapshot by Mats Zuccarello.
0:54 of 1st period - Shot Blocked by Simon Gagné.
1:15 of 1st period - Wrist shot by Nikita Alexeev.
1:15 of 1st period - Shot Misses the Net.
1:17 of 1st period - Slapshot by Duncan Keith.
1:17 of 1st period - Stopped by Viktor Fasth without a rebound.
1:18 of 1st period - Kyle Wellwood wins face-off versus Steven Stamkos in Flyers zone.
1:18 of 1st period - Kyle Wellwood is hit by Steven Stamkos.
1:40 of 1st period - Minor Penalty to John-Michael Liles for Hooking.
1:41 of 1st period - Matthew Lombardi wins face-off versus Steven Stamkos in Flyers zone.
2:34 of 1st period - Icing by Nathan Horton.
2:35 of 1st period - Sam Gagner wins face-off versus Matthew Lombardi in Penguins zone.
3:40 of 1st period - Penalty to John-Michael Liles is over, John-Michael Liles is back on ice.
3:50 of 1st period - Wrist shot by Simon Gagné.
3:50 of 1st period - Shot Blocked by John-Michael Liles.
4:10 of 1st period - Paul Ranger is hit by Kyle Wellwood and loses puck.
4:15 of 1st period - Slapshot by Kyle Wellwood.
4:15 of 1st period - Shot Misses the Net.
5:06 of 1st period - Bobby Ryan is hit by Mats Zuccarello and loses puck.
5:33 of 1st period - Jonathan Ericsson is hit by Dion Phaneuf and loses puck.
6:16 of 1st period - Slapshot by Matthew Lombardi.
6:16 of 1st period - Shot Blocked by Luke Schenn.
6:19 of 1st period - Icing by Simon Gagné.
6:20 of 1st period - Matthew Lombardi wins face-off versus Josef Vasicek in Penguins zone.
6:26 of 1st period - Icing by Simon Gagné.
6:27 of 1st period - Josef Vasicek wins face-off versus Dany Heatley in Penguins zone.
6:39 of 1st period - Wrist shot by Simon Gagné.
6:39 of 1st period - Shot Blocked by Matt Smaby.
6:41 of 1st period - Wrist shot by Simon Gagné.
6:41 of 1st period - Deflect By Josef Vasicek.
6:41 of 1st period - Shot Blocked by Matt Smaby.
6:41 of 1st period - Puck is out of play.
6:42 of 1st period - Steven Stamkos wins face-off versus Kyle Wellwood in Flyers zone.
7:35 of 1st period - Snap shot by Brian McGrattan.
7:35 of 1st period - Shot Blocked by Matt Smaby.
7:37 of 1st period - Slapshot by Dion Phaneuf.
7:37 of 1st period - Shot Misses the Net.
7:39 of 1st period - Slapshot by Sean Zimmerman.
7:39 of 1st period - Shot Blocked by Mats Zuccarello.
7:49 of 1st period - Matt Smaby is hit by Max Pacioretty and loses puck.
7:54 of 1st period - Wrist shot by Bobby Ryan.
7:54 of 1st period - Stopped by Viktor Fasth with a rebound.
8:16 of 1st period - Matt Smaby is hit by Brayden Schenn and loses puck.
8:37 of 1st period - Wrist shot by Dustin Penner.
8:37 of 1st period - Shot Misses the Net.
8:39 of 1st period - Snap shot by Nathan Horton.
8:39 of 1st period - Stopped by Viktor Fasth with a rebound.
8:41 of 1st period - Snap shot by Sam Gagner.
8:41 of 1st period - Shot Blocked by Dany Heatley.
9:13 of 1st period - Snap shot by Kyle Wellwood.
9:13 of 1st period - Deflect By Chris Kreider.
9:13 of 1st period - Stopped by Brian Elliott without a rebound.
9:14 of 1st period - Sam Gagner wins face-off versus Kyle Wellwood in Penguins zone.
9:24 of 1st period - Icing by Duncan Keith.
9:25 of 1st period - Sam Gagner wins face-off versus Jeff Carter in Penguins zone.
9:25 of 1st period - Sam Gagner is hit by Dany Heatley.
9:41 of 1st period - Slapshot by Nathan Horton.
9:41 of 1st period - Shot Blocked by Nathan Paetsch.
9:43 of 1st period - Slapshot by Duncan Keith.
9:43 of 1st period - Shot Misses the Net.
9:45 of 1st period - Snap shot by Luke Schenn.
9:45 of 1st period - Deflect By Nathan Horton.
9:45 of 1st period - Shot Misses the Net.
9:45 of 1st period - Puck is out of play.
9:46 of 1st period - Steven Stamkos wins face-off versus Kyle Wellwood in Flyers zone.
10:04 of 1st period - Minor Penalty to Jonathan Ericsson for Tripping.
10:05 of 1st period - Mats Zuccarello wins face-off versus Steven Stamkos in Flyers zone.
10:13 of 1st period - Wrist shot by Steven Stamkos.
10:13 of 1st period - Goal by Steven Stamkos - Penguins : 1 - Flyers : 0.
10:14 of 1st period - Jeff Carter wins face-off versus Steven Stamkos in neutral zone.
10:19 of 1st period - Snap shot by Alexei Morozov.
10:19 of 1st period - Shot Blocked by Sean Zimmerman.
10:21 of 1st period - Slapshot by Jonathan Ericsson.
10:21 of 1st period - Stopped by Brian Elliott with a rebound.
10:23 of 1st period - Wrist shot by Alexei Morozov.
10:23 of 1st period - Goal by Alexei Morozov - Penguins : 1 - Flyers : 1.
10:24 of 1st period - Kyle Wellwood wins face-off versus Steven Stamkos in neutral zone.
10:56 of 1st period - Snap shot by Alexei Morozov.
10:56 of 1st period - Goal by Alexei Morozov - Penguins : 1 - Flyers : 2.
10:57 of 1st period - Jeff Carter wins face-off versus Steven Stamkos in neutral zone.
11:34 of 1st period - Snap shot by Chris Kreider.
11:34 of 1st period - Stopped by Brian Elliott without a rebound.
11:35 of 1st period - Matthew Lombardi wins face-off versus Steven Stamkos in Penguins zone.
11:51 of 1st period - Snap shot by Bobby Ryan.
11:51 of 1st period - Stopped by Viktor Fasth with a rebound.
12:30 of 1st period - Dany Heatley is hit by Sean Zimmerman and loses puck.
12:34 of 1st period - Icing by Victor Bartley.
12:35 of 1st period - Steven Stamkos wins face-off versus Jeff Carter in Flyers zone.
12:36 of 1st period - Snap shot by Bobby Ryan.
12:36 of 1st period - Stopped by Viktor Fasth without a rebound.
12:37 of 1st period - Kyle Wellwood wins face-off versus Steven Stamkos in Flyers zone.
13:02 of 1st period - Bobby Ryan is hit by Mats Zuccarello.
13:08 of 1st period - Wrist shot by Steven Stamkos.
13:08 of 1st period - Shot Misses the Net.
13:10 of 1st period - Snap shot by Luke Schenn.
13:10 of 1st period - Deflect By Steven Stamkos.
13:10 of 1st period - Shot Misses the Net.
13:10 of 1st period - Puck is out of play.
13:11 of 1st period - Sam Gagner wins face-off versus Jeff Carter in Flyers zone.
13:24 of 1st period - Wrist shot by Sam Gagner.
13:24 of 1st period - Shot Blocked by Matt Smaby.
13:44 of 1st period - Mats Zuccarello is hit by Luke Schenn and loses puck.
14:18 of 1st period - Wrist shot by Jeff Carter.
14:18 of 1st period - Goal by Jeff Carter - Penguins : 1 - Flyers : 3.
14:19 of 1st period - Steven Stamkos wins face-off versus Jeff Carter in neutral zone.
14:48 of 1st period - Wrist shot by Chris Kreider.
14:48 of 1st period - Stopped by Brian Elliott with a rebound.
15:06 of 1st period - Mats Zuccarello is hit by Josef Vasicek and loses puck.
15:29 of 1st period - Icing by Jonathan Ericsson.
15:30 of 1st period - Jeff O'Neill wins face-off versus Brayden Schenn in Flyers zone.
15:30 of 1st period - Jeff O'Neill is hit by Derek Joslin.
15:40 of 1st period - Wrist shot by Nathan Paetsch.
15:40 of 1st period - Deflect By Paul Ranger.
15:40 of 1st period - Stopped by Brian Elliott without a rebound.
15:41 of 1st period - Jeff Carter wins face-off versus Steven Stamkos in Penguins zone.
16:29 of 1st period - Wrist shot by Josef Vasicek.
16:29 of 1st period - Stopped by Viktor Fasth without a rebound.
16:30 of 1st period - Matthew Lombardi wins face-off versus Josef Vasicek in Flyers zone.
16:35 of 1st period - Slapshot by Jeff Woywitka.
16:35 of 1st period - Deflect By Mats Zuccarello.
16:35 of 1st period - Shot Misses the Net.
16:35 of 1st period - Puck is out of play.
16:36 of 1st period - Jeff Carter wins face-off versus Steven Stamkos in Penguins zone.
17:03 of 1st period - Wrist shot by Sam Gagner.
17:03 of 1st period - Stopped by Viktor Fasth without a rebound.
17:04 of 1st period - Sam Gagner wins face-off versus Kyle Wellwood in Flyers zone.
17:40 of 1st period - Wrist shot by Max Pacioretty.
17:40 of 1st period - Goal by Max Pacioretty - Penguins : 2 - Flyers : 3.
17:41 of 1st period - Kyle Wellwood wins face-off versus Max Pacioretty in neutral zone.
18:15 of 1st period - Snap shot by Nathan Horton.
18:15 of 1st period - Shot Misses the Net.
18:39 of 1st period - Slapshot by Mats Zuccarello.
18:39 of 1st period - Deflect By Matthew Lombardi.
18:39 of 1st period - Shot Blocked by Josef Vasicek.
18:39 of 1st period - Puck is out of play.
18:40 of 1st period - Steven Stamkos wins face-off versus Kyle Wellwood in Penguins zone.
18:40 of 1st period - Steven Stamkos is hit by Loui Eriksson.
Goals for this period are 2 for Penguins vs 3 for Flyers.
Shots for this period are 9 for Penguins vs 8 for Flyers.

2nd period


0:01 of 2nd period - Kyle Wellwood wins face-off versus Bobby Ryan in neutral zone.
0:04 of 2nd period - Steven Stamkos is hit by Chris Kreider and loses puck.
0:17 of 2nd period - Bobby Ryan is hit by Kyle Wellwood and loses puck.
0:32 of 2nd period - Luke Schenn is hit by Dany Heatley.
0:38 of 2nd period - Slapshot by Duncan Keith.
0:38 of 2nd period - Stopped by Viktor Fasth without a rebound.
0:39 of 2nd period - Jeff Carter wins face-off versus Josef Vasicek in Flyers zone.
0:54 of 2nd period - Wrist shot by Brian McGrattan.
0:54 of 2nd period - Shot Misses the Net.
1:04 of 2nd period - Jeff Carter is hit by Nathan Horton and loses puck.
1:23 of 2nd period - Minor Penalty to Matt Smaby for Roughing.
1:24 of 2nd period - Matthew Lombardi wins face-off versus Steven Stamkos in Flyers zone.
1:35 of 2nd period - Wrist shot by Sean Zimmerman.
1:35 of 2nd period - Deflect By Max Pacioretty.
1:35 of 2nd period - Shot Misses the Net.
1:35 of 2nd period - Puck is out of play.
1:36 of 2nd period - Steven Stamkos wins face-off versus Matthew Lombardi in Flyers zone.
2:45 of 2nd period - Nathan Horton is hit by Chris Kreider.
3:23 of 2nd period - Penalty to Matt Smaby is over, Matt Smaby is back on ice.
3:59 of 2nd period - Wrist shot by Nikita Alexeev.
3:59 of 2nd period - Shot Misses the Net.
4:01 of 2nd period - Wrist shot by Luke Schenn.
4:01 of 2nd period - Shot Blocked by Jeff O'Neill.
4:35 of 2nd period - Snap shot by Steve Sullivan.
4:35 of 2nd period - Stopped by Viktor Fasth with a rebound.
4:37 of 2nd period - Snap shot by Brayden Schenn.
4:37 of 2nd period - Stopped by Viktor Fasth with a rebound.
5:03 of 2nd period - Off-side.
5:04 of 2nd period - Jeff O'Neill wins face-off versus Sam Gagner in neutral zone.
5:09 of 2nd period - Slapshot by Rostislav Olesz.
5:09 of 2nd period - Shot Blocked by Sean Zimmerman.
6:03 of 2nd period - Snap shot by Nathan Horton.
6:03 of 2nd period - Stopped by Viktor Fasth with a rebound.
6:05 of 2nd period - Snap shot by Sean Zimmerman.
6:05 of 2nd period - Shot Misses the Net.
6:09 of 2nd period - Snap shot by Sam Gagner.
6:09 of 2nd period - Stopped by Viktor Fasth with a rebound.
6:11 of 2nd period - Slapshot by Sean Zimmerman.
6:11 of 2nd period - Shot Blocked by Matt Smaby.
6:15 of 2nd period - Snap shot by Nathan Horton.
6:15 of 2nd period - Shot Misses the Net.
6:17 of 2nd period - Wrist shot by Dustin Penner.
6:17 of 2nd period - Shot Misses the Net.
6:19 of 2nd period - Slapshot by Nathan Horton.
6:19 of 2nd period - Shot Blocked by John-Michael Liles.
6:21 of 2nd period - Slapshot by Dustin Penner.
6:21 of 2nd period - Stopped by Viktor Fasth with a rebound.
6:23 of 2nd period - Snap shot by Nathan Horton.
6:23 of 2nd period - Stopped by Viktor Fasth with a rebound.
6:27 of 2nd period - Snap shot by Dustin Penner.
6:27 of 2nd period - Stopped by Viktor Fasth without a rebound.
6:28 of 2nd period - Kyle Wellwood wins face-off versus Steven Stamkos in Flyers zone.
6:35 of 2nd period - Snap shot by Kyle Wellwood.
6:35 of 2nd period - Shot Hit the Post.
6:44 of 2nd period - Wrist shot by Bobby Ryan.
6:44 of 2nd period - Stopped by Viktor Fasth without a rebound.
6:45 of 2nd period - Jeff Carter wins face-off versus Josef Vasicek in Flyers zone.
6:52 of 2nd period - Wrist shot by Jeff Carter.
6:52 of 2nd period - Shot Misses the Net.
7:20 of 2nd period - Slapshot by Bobby Ryan.
7:20 of 2nd period - Stopped by Viktor Fasth without a rebound.
7:21 of 2nd period - Jeff Carter wins face-off versus Josef Vasicek in Flyers zone.
7:34 of 2nd period - Slapshot by Alexei Morozov.
7:34 of 2nd period - Shot Blocked by Simon Gagné.
7:36 of 2nd period - Slapshot by Nathan Paetsch.
7:36 of 2nd period - Stopped by Brian Elliott without a rebound.
7:37 of 2nd period - Steven Stamkos wins face-off versus Kyle Wellwood in Penguins zone.
7:48 of 2nd period - Snap shot by Steven Stamkos.
7:48 of 2nd period - Shot Blocked by Jonathan Ericsson.
7:50 of 2nd period - Wrist shot by Steven Stamkos.
7:50 of 2nd period - Stopped by Viktor Fasth with a rebound.
7:52 of 2nd period - Backhand shot by Max Pacioretty.
7:52 of 2nd period - Shot Misses the Net.
7:54 of 2nd period - Wrist shot by Sean Zimmerman.
7:54 of 2nd period - Stopped by Viktor Fasth without a rebound.
7:55 of 2nd period - Sam Gagner wins face-off versus Jeff Carter in Flyers zone.
8:04 of 2nd period - Backhand shot by Sam Gagner.
8:04 of 2nd period - Stopped by Viktor Fasth without a rebound.
8:05 of 2nd period - Jeff Carter wins face-off versus Sam Gagner in Flyers zone.
8:07 of 2nd period - Minor Penalty to Alexei Morozov for Interference.
8:08 of 2nd period - Max Pacioretty wins face-off versus Matthew Lombardi in Flyers zone.
9:50 of 2nd period - Icing by Nathan Horton.
9:51 of 2nd period - Matthew Lombardi wins face-off versus Sam Gagner in Penguins zone.
10:07 of 2nd period - Penalty to Alexei Morozov is over, Alexei Morozov is back on ice.
10:16 of 2nd period - Wrist shot by Chris Kreider.
10:16 of 2nd period - Stopped by Brian Elliott with a rebound.
10:18 of 2nd period - Slapshot by Matt Smaby.
10:18 of 2nd period - Shot Misses the Net.
10:20 of 2nd period - Snap shot by John-Michael Liles.
10:20 of 2nd period - Deflect By Luke Schenn.
10:20 of 2nd period - Stopped by Brian Elliott without a rebound.
10:21 of 2nd period - Kyle Wellwood wins face-off versus Josef Vasicek in Penguins zone.
10:24 of 2nd period - Wrist shot by Chris Kreider.
10:24 of 2nd period - Shot Misses the Net.
10:32 of 2nd period - Snap shot by Simon Gagné.
10:32 of 2nd period - Stopped by Viktor Fasth without a rebound.
10:33 of 2nd period - Kyle Wellwood wins face-off versus Steven Stamkos in Flyers zone.
10:44 of 2nd period - Wrist shot by Chris Kreider.
10:44 of 2nd period - Shot Misses the Net.
10:46 of 2nd period - Slapshot by Jeff Woywitka.
10:46 of 2nd period - Shot Blocked by Max Pacioretty.
11:09 of 2nd period - Off-side.
11:10 of 2nd period - Kyle Wellwood wins face-off versus Sam Gagner in neutral zone.
11:37 of 2nd period - Bobby Ryan is hit by Matt Smaby and loses puck.
11:57 of 2nd period - Derek Joslin is hit by Mats Zuccarello and loses puck.
12:49 of 2nd period - Snap shot by Nathan Horton.
12:49 of 2nd period - Shot Misses the Net.
13:11 of 2nd period - Wrist shot by Chris Kreider.
13:11 of 2nd period - Stopped by Brian Elliott without a rebound.
13:12 of 2nd period - Kyle Wellwood wins face-off versus Steven Stamkos in Penguins zone.
13:40 of 2nd period - Minor Penalty to Nathan Paetsch for Hooking.
13:41 of 2nd period - Max Pacioretty wins face-off versus Matthew Lombardi in Flyers zone.
13:45 of 2nd period - Snap shot by Bobby Ryan.
13:45 of 2nd period - Stopped by Viktor Fasth without a rebound.
13:46 of 2nd period - Matthew Lombardi wins face-off versus Steven Stamkos in Flyers zone.
14:15 of 2nd period - Snap shot by Nathan Horton.
14:15 of 2nd period - Goal by Nathan Horton - Penguins : 3 - Flyers : 3.
14:16 of 2nd period - Steven Stamkos wins face-off versus Kyle Wellwood in neutral zone.
14:27 of 2nd period - Slapshot by Dion Phaneuf.
14:27 of 2nd period - Stopped by Viktor Fasth with a rebound.
14:51 of 2nd period - Wrist shot by Dany Heatley.
14:51 of 2nd period - Stopped by Brian Elliott without a rebound.
14:52 of 2nd period - Jeff Carter wins face-off versus Sam Gagner in Penguins zone.
15:24 of 2nd period - Slapshot by Kyle Wellwood.
15:24 of 2nd period - Shot Misses the Net.
15:26 of 2nd period - Wrist shot by Loui Eriksson.
15:26 of 2nd period - Shot Misses the Net.
15:28 of 2nd period - Snap shot by Loui Eriksson.
15:28 of 2nd period - Stopped by Brian Elliott with a rebound.
15:39 of 2nd period - Derek Joslin is hit by Matthew Lombardi and loses puck.
16:28 of 2nd period - Wrist shot by Chris Kreider.
16:28 of 2nd period - Stopped by Brian Elliott with a rebound.
16:30 of 2nd period - Snap shot by Kyle Wellwood.
16:30 of 2nd period - Shot Misses the Net.
16:32 of 2nd period - Snap shot by Loui Eriksson.
16:32 of 2nd period - Shot Misses the Net.
16:42 of 2nd period - Backhand shot by Luke Schenn.
16:42 of 2nd period - Shot Misses the Net.
16:44 of 2nd period - Wrist shot by Max Pacioretty.
16:44 of 2nd period - Shot Misses the Net.
16:46 of 2nd period - Slapshot by Luke Schenn.
16:46 of 2nd period - Shot Misses the Net.
17:12 of 2nd period - Wrist shot by Mats Zuccarello.
17:12 of 2nd period - Stopped by Brian Elliott without a rebound.
17:13 of 2nd period - Sam Gagner wins face-off versus Kyle Wellwood in Penguins zone.
17:29 of 2nd period - Snap shot by Chris Kreider.
17:29 of 2nd period - Stopped by Brian Elliott without a rebound.
17:30 of 2nd period - Steven Stamkos wins face-off versus Jeff Carter in Penguins zone.
17:45 of 2nd period - Snap shot by Bobby Ryan.
17:45 of 2nd period - Goal by Bobby Ryan - Penguins : 4 - Flyers : 3.
17:46 of 2nd period - Kyle Wellwood wins face-off versus Steven Stamkos in neutral zone.
18:59 of 2nd period - Icing by Steve Sullivan.
19:00 of 2nd period - Brayden Schenn wins face-off versus Jeff O'Neill in Penguins zone.
19:59 of 2nd period - Off-side.
Goals for this period are 2 for Penguins vs 0 for Flyers.
Shots for this period are 18 for Penguins vs 9 for Flyers.

3rd period


0:01 of 3rd period - Steven Stamkos wins face-off versus Kyle Wellwood in neutral zone.
0:36 of 3rd period - Off-side.
0:37 of 3rd period - Sam Gagner wins face-off versus Jeff Carter in neutral zone.
0:40 of 3rd period - Slapshot by Paul Ranger.
0:40 of 3rd period - Stopped by Viktor Fasth with a rebound.
0:48 of 3rd period - Paul Ranger is hit by Alexei Morozov and loses puck.
2:54 of 3rd period - Snap shot by Jeff Carter.
2:54 of 3rd period - Shot Misses the Net.
2:56 of 3rd period - Wrist shot by Alexei Morozov.
2:56 of 3rd period - Stopped by Brian Elliott without a rebound.
2:57 of 3rd period - Sam Gagner wins face-off versus Kyle Wellwood in Penguins zone.
3:43 of 3rd period - Derek Joslin is hit by Brock Nelson.
4:21 of 3rd period - Snap shot by Steven Stamkos.
4:21 of 3rd period - Shot Misses the Net.
4:23 of 3rd period - Slapshot by Derek Joslin.
4:23 of 3rd period - Stopped by Viktor Fasth with a rebound.
4:25 of 3rd period - Slapshot by Derek Joslin.
4:25 of 3rd period - Stopped by Viktor Fasth with a rebound.
4:47 of 3rd period - Alexei Morozov is hit by Josef Vasicek.
5:09 of 3rd period - Brayden Schenn is hit by Matthew Lombardi and loses puck.
5:28 of 3rd period - Bobby Ryan is hit by Kyle Wellwood and loses puck.
5:35 of 3rd period - Jeff Woywitka is hit by Bobby Ryan and loses puck.
6:14 of 3rd period - Wrist shot by Josef Vasicek.
6:14 of 3rd period - Stopped by Viktor Fasth with a rebound.
6:16 of 3rd period - Snap shot by Josef Vasicek.
6:16 of 3rd period - Deflect By Brian McGrattan.
6:16 of 3rd period - Stopped by Viktor Fasth with a rebound.
6:18 of 3rd period - Snap shot by Brian McGrattan.
6:18 of 3rd period - Shot Misses the Net.
6:28 of 3rd period - Derek Joslin is hit by Chris Kreider and loses puck.
6:39 of 3rd period - Paul Ranger is hit by Victor Bartley and loses puck.
6:58 of 3rd period - Wrist shot by Bobby Ryan.
6:58 of 3rd period - Stopped by Viktor Fasth with a rebound.
7:23 of 3rd period - Off-side.
7:24 of 3rd period - Jeff Carter wins face-off versus Steven Stamkos in neutral zone.
8:11 of 3rd period - Snap shot by Bobby Ryan.
8:11 of 3rd period - Stopped by Viktor Fasth with a rebound.
8:27 of 3rd period - Wrist shot by Mats Zuccarello.
8:27 of 3rd period - Stopped by Brian Elliott with a rebound.
8:37 of 3rd period - John-Michael Liles is hit by Max Pacioretty.
8:57 of 3rd period - Slapshot by Steven Stamkos.
8:57 of 3rd period - Stopped by Viktor Fasth without a rebound.
8:58 of 3rd period - Sam Gagner wins face-off versus Kyle Wellwood in Flyers zone.
9:05 of 3rd period - Backhand shot by Chris Kreider.
9:05 of 3rd period - Shot Blocked by Sam Gagner.
9:25 of 3rd period - Dion Phaneuf is hit by Alexei Morozov and loses puck.
9:55 of 3rd period - Slapshot by Nikita Alexeev.
9:55 of 3rd period - Stopped by Viktor Fasth with a rebound.
9:57 of 3rd period - Wrist shot by Nikita Alexeev.
9:57 of 3rd period - Shot Blocked by Jonathan Ericsson.
10:11 of 3rd period - Wrist shot by Chris Kreider.
10:11 of 3rd period - Stopped by Brian Elliott with a rebound.
10:43 of 3rd period - Nikita Alexeev is hit by Nathan Paetsch.
10:50 of 3rd period - Icing by Victor Bartley.
10:51 of 3rd period - Kyle Wellwood wins face-off versus Sam Gagner in Flyers zone.
11:46 of 3rd period - Wrist shot by Matthew Lombardi.
11:46 of 3rd period - Shot Blocked by Duncan Keith.
11:48 of 3rd period - Slapshot by Victor Bartley.
11:48 of 3rd period - Shot Blocked by Luke Schenn.
11:50 of 3rd period - Snap shot by Mats Zuccarello.
11:50 of 3rd period - Deflect By Matthew Lombardi.
11:50 of 3rd period - Shot Misses the Net.
11:50 of 3rd period - Puck is out of play.
11:51 of 3rd period - Kyle Wellwood wins face-off versus Bobby Ryan in Penguins zone.
12:02 of 3rd period - Snap shot by Loui Eriksson.
12:02 of 3rd period - Shot Blocked by Paul Ranger.
12:22 of 3rd period - Wrist shot by Mats Zuccarello.
12:22 of 3rd period - Stopped by Brian Elliott with a rebound.
12:28 of 3rd period - Snap shot by Brock Nelson.
12:28 of 3rd period - Stopped by Brian Elliott with a rebound.
12:43 of 3rd period - Snap shot by Simon Gagné.
12:43 of 3rd period - Shot Misses the Net.
13:46 of 3rd period - Jeff Woywitka is hit by Sam Gagner and loses puck.
13:58 of 3rd period - Icing by Jeff Woywitka.
13:59 of 3rd period - Josef Vasicek wins face-off versus Jeff Carter in Flyers zone.
14:16 of 3rd period - Wrist shot by Alexei Morozov.
14:16 of 3rd period - Stopped by Brian Elliott with a rebound.
14:22 of 3rd period - Slapshot by Jeff Carter.
14:22 of 3rd period - Shot Misses the Net.
14:24 of 3rd period - Slapshot by Jonathan Ericsson.
14:24 of 3rd period - Deflect By Simon Gagné.
14:24 of 3rd period - Stopped by Brian Elliott without a rebound.
14:25 of 3rd period - Steven Stamkos wins face-off versus Kyle Wellwood in Penguins zone.
14:32 of 3rd period - Wrist shot by Bobby Ryan.
14:32 of 3rd period - Deflect By Max Pacioretty.
14:32 of 3rd period - Shot Blocked by Loui Eriksson.
14:32 of 3rd period - Puck is out of play.
14:33 of 3rd period - Steven Stamkos wins face-off versus Kyle Wellwood in Flyers zone.
14:42 of 3rd period - Wrist shot by Bobby Ryan.
14:42 of 3rd period - Shot Misses the Net.
14:44 of 3rd period - Wrist shot by Steven Stamkos.
14:44 of 3rd period - Penguins goal is going for a video replay.
14:44 of 3rd period - The goal is refused. The puck has been directed, batted or thrown into the net by an attacking player other than with a stick..
14:45 of 3rd period - Kyle Wellwood wins face-off versus Steven Stamkos in Flyers zone.
14:54 of 3rd period - Snap shot by Steven Stamkos.
14:54 of 3rd period - Shot Misses the Net.
15:08 of 3rd period - Penalty Shot by Matt Smaby for Flyers.
15:08 of 3rd period - Backhand shot by Matt Smaby.
15:08 of 3rd period - Shot Misses the Net.
15:09 of 3rd period - Jeff Carter wins face-off versus Josef Vasicek in Flyers zone.
16:54 of 3rd period - Wrist shot by Mats Zuccarello.
16:54 of 3rd period - Stopped by Brian Elliott without a rebound.
16:55 of 3rd period - Simon Gagné wins face-off versus Kyle Wellwood in Penguins zone.
16:55 of 3rd period - Simon Gagné is hit by Chris Kreider.
18:49 of 3rd period - Chris Kreider is hit by Sam Gagner and loses puck.
19:17 of 3rd period - Jeff Woywitka is hit by Simon Gagné and loses puck.
19:24 of 3rd period - Flyers, Viktor Fasth is pulled from the net.
19:45 of 3rd period - Snap shot by Simon Gagné.
19:45 of 3rd period - Deflect By Jeff Carter.
19:45 of 3rd period - Shot Misses the Net.
19:45 of 3rd period - Puck is out of play.
19:46 of 3rd period - Pat Quinn call a timeout for Flyers.
19:46 of 3rd period - Viktor Fasth from Flyers was sent back in the game.
19:46 of 3rd period - Jeff Carter wins face-off versus Brayden Schenn in Flyers zone.
19:48 of 3rd period - Minor Penalty to John-Michael Liles for Hooking.
19:49 of 3rd period - Matthew Lombardi wins face-off versus Steven Stamkos in Flyers zone.
Goals for this period are 0 for Penguins vs 0 for Flyers.
Shots for this period are 10 for Penguins vs 8 for Flyers.